 Dungeon Crawl Stone Soup version 0.25.0-26-g0c896c7088 (webtiles) character file.

Game seed: 1286948683533024148

183 protoss039 the Charmwright (level 5, -4/41 HPs)
             Began as a Barachi Skald on July 5, 2020.
             Slain by an orc priest
             ... wielding a +0 flail
              (9 damage)
             ... on level 3 of the Dungeon.
             The game lasted 00:07:11 (2857 turns).

protoss039 the Charmwright (Barachi Skald)          Turns: 2857, Time: 00:07:12

Health: -4/41      AC:  3    Str: 13    XL:     5   Next: 62%
Magic:  4/8        EV: 12    Int: 14    God:
Gold:   139        SH:  0    Dex: 11    Spells: 5/8 levels left

rFire    + . .     SeeInvis .   h - +4 dagger
rCold    . . .     Gourm    .   (no shield)
rNeg     . . .     Faith    .   b - +0 leather armour
rPois    .         Spirit   .   (no helmet)
rElec    .         Reflect  .   (no cloak)
rCorr    .         Harm     .   (no gloves)
MR       .....                  (no boots)
Stlth    +.........             (no amulet)
HPRegen  0.13/turn              j - ring of protection from fire
MPRegen  0.11/turn              (no ring)

@: infused, singing, can't hop, slow
A: +LOS, swims, slowness 1, strong legs 1
a: Hop


You were on level 3 of the Dungeon.
You were not hungry.

You visited 1 branch of the dungeon, and saw 3 of its levels.

You collected 139 gold pieces.

Inventory:

Hand Weapons
 a - a +0 falchion
 h - a +4 dagger (weapon)
Armour
 b - a +0 leather armour (worn)
Jewellery
 j - a ring of protection from fire (left hand)
 l - an uncursed ring of protection from fire
Scrolls
 c - a scroll of enchant weapon {unknown}
 e - a scroll of teleportation {unknown}
 f - 4 scrolls of identify {unknown}
 g - a scroll of fog {unknown}
 i - 2 scrolls of fear {unknown}
 m - a scroll of remove curse {unknown}
 n - 2 scrolls of enchant armour {unknown}
Potions
 k - 2 potions of curing {unknown}
Comestibles
 d - 4 rations


   Skills:
 + Level 3.1 Fighting
 + Level 2.4(3.2) Short Blades
 + Level 3.2(3.8) Long Blades
 + Level 2.8 Armour
 + Level 3.2 Dodging
 + Level 0.2 Stealth
 + Level 2.4 Spellcasting
 + Level 3.9 Charms


You had 5 spell levels left.
You knew the following spells:

 Your Spells              Type           Power        Failure   Level  Hunger
a - Infusion              Chrm           ##..         5%          1    #......
b - Song of Slaying       Chrm           ##......     9%          2    ###....

Your spell library contained the following spells:

 Spells                   Type           Power        Failure   Level  Hunger
 Shroud of Golubria       Chrm/Tloc      #.....       19%         2    ###....
 Ozocubu's Armour         Chrm/Ice       #.......     36%         3    ###....
 Spectral Weapon          Hex/Chrm       #.......     36%         3    ###....


Dungeon Overview and Level Annotations

Branches:
Dungeon (3/15)

Altars:
Elyvilon


Innate Abilities, Weirdness & Mutations

You can be seen from farther away. (+LOS)
You can swim through water.
You cover ground slowly.
You can hop short distances.


Message History

The giant cockroach bites you.
* * * LOW HITPOINT WARNING * * *
You hit the orc priest but do no damage.
The orc priest is lightly wounded.
The giant cockroach barely misses you. The orc priest barely misses you.
Unknown command.
You hit the orc priest.
The orc priest is moderately wounded.
The giant cockroach bites you but does no damage.
The orc priest misses you.
Unknown command.
You closely miss the orc priest.
The orc priest is moderately wounded.
The giant cockroach barely misses you.
Unknown command.
You barely miss the orc priest.
The orc priest is moderately wounded.
The giant cockroach bites you but does no damage.
The orc priest hits you with a +0 flail!
You die...

#.###.##.###.
#>...........
#.###.##)###. #.#
#.....##. #.#
####..... ####.#
#..###
#.)..######.....
###.##............
#@o.##.....##.)...
#.....s.##.###.##.....
#.......#### #.#######
#.......# #.#
+.......# #รท####
#.......# #....#
#.......# #....##
#.......# #....'#
#..(....# #....##


You could see an orc priest and a giant cockroach.

Vanquished Creatures
  A bullfrog zombie (D:3)
  An orc wizard (D:3)
  5 adders
  A worm (D:3)
  3 dart slugs
  2 leopard geckos (D:3)
  6 orcs (D:3)
  A giant cockroach (D:1)
  6 hobgoblins
  10 jackals (D:2)
  3 ball pythons
  6 bats
  A frilled lizard (D:2)
  6 goblins
  6 kobolds
  9 rats
67 creatures vanquished.

Notes
Turn   | Place    | Note
-------+----------+-------------------------------------------
     0 | D:1      | protoss039 the Barachi Skald began the quest for the Orb.
     0 | D:1      | Reached XP level 1. HP: 17/17 MP: 3/3
   257 | D:1      | Reached XP level 2. HP: 13/23 MP: 5/5
   922 | D:1      | Learned a level 2 spell: Song of Slaying
  1033 | D:2      | Reached XP level 3. HP: 23/28 MP: 3/6
  1049 | D:2      | HP: 1/28 [jackal (1)]
  1361 | D:2      | Found a white marble altar of Elyvilon.
  1641 | D:2      | Reached XP level 4. HP: 27/34 MP: 4/7
  2199 | D:3      | Reached skill level 1 in Short Blades
  2354 | D:3      | Reached XP level 5. HP: 26/41 MP: 4/8
  2857 | D:3      | Slain by an orc priest

Illustrated notes

Levels and vault maps discovered:
D:1:      scummos_arrival_checkerplants, layout_loops_ring, st_stairs_1,
          minmay_misc_feat_doors
D:2:      layout_loops_cross, elyvilon_altar_3
D:3:      layout_basic, first_ration

Skill      XL: |  1  2  3  4  5 |
---------------+----------------+-----
Long Blades    | 3 |  3.2
Armour         | 2 |  2.8
Short Blades   | 1 2 |  2.4
Fighting       | 3 |  3.1
Dodging        | 3 |  3.2
Stealth        | |  0.2
Spellcasting   | |  2.4
Charms         | |  3.9

Action                   |  1- 3 |  4- 6 || total
-------------------------+-------+-------++-------
Melee: Falchion          |    17 |       ||    17
       Dagger            |    79 |    83 ||   162
 Cast: Song of Slaying   |     1 |     2 ||     3
       Infusion          |     1 |     3 ||     4
 Abil: Hop               |     1 |     1 ||     2
  Use: Potion            |     1 |       ||     1
  Eat: Chunk             |     3 |     4 ||     7
Armor: Leather armour    |    27 |    16 ||    43
Dodge: Dodged            |    83 |    46 ||   129
       Rpst.: Falchion   |     5 |       ||     5
